 Dungeon Crawl Stone Soup version 0.27-a0-1149-g4505690ab0 (webtiles) character file.

Game seed: 1892181739362173680

80 robertstho the Magician (level 4, -4/31 HPs)
             Began as a Djinni Fire Elementalist on May 13, 2021.
             Killed from afar by an orc wizard (6 damage)
             ... with a magic dart
             ... on level 2 of the Dungeon.
             The game lasted 00:03:06 (1849 turns).

robertstho the Magician (Djinni Fire Elementalist)  Turns: 1849, Time: 00:03:07

Health: -4/31      AC:  2    Str:  7    XL:     4   Next: 65%
Gold:   2          EV: 12    Int: 18    God:
                   SH:  0    Dex: 13

rFire    + + .     SeeInvis .   j - +2 dagger (venom)
rCold    x . .     Faith    .   (no shield)
rNeg     . . .     Spirit   .   a - +0 robe
rPois    ∞         Reflect  .   (no helmet)
rElec    .         Harm     .   (no cloak)
rCorr    .         Rampage  .   (no gloves)
Will     .....                  (boots unavailable)
Stlth    ++........             (no amulet)
HPRegen  0.10/turn              (no ring)
MPRegen  0.00/turn              (no ring)

@: flying, very slightly contaminated
A: sickness immunity, fire resistance 2, cold vulnerability 1, float, innate
caster, hp casting, extra vitality 1
a: no special abilities


You were on level 2 of the Dungeon.
You visited 1 branch of the dungeon, and saw 2 of its levels.

You collected 2 gold pieces.

Inventory:

Hand Weapons
 e - a +0 short sword
 f - a +0 hunting sling
 h - a +0 long sword
 j - a +2 dagger of venom (weapon)
Missiles
 b - 75 stones
Armour
 a - a +0 robe (worn)
Scrolls
 g - a scroll of magic mapping
Potions
 d - a potion of brilliance


   Skills:
 + Level 0.1 Long Blades
 + Level 2.5 Dodging
 + Level 2.0 Stealth
 + Level 3.6 Spellcasting


You couldn't memorise any spells.
You knew the following spells:

 Your Spells              Type           Power      Damage    Failure   Level
a - Foxfire               Conj/Fire      64%        2x1d7     3%          1
b - Conjure Flame         Conj/Fire      16%        6-21      10%         3
c - Inner Flame           Hex/Fire       16%        N/A       10%         3
d - Sticky Flame          Conj/Fire      16%        2d4       32%         4
e - Fireball              Conj/Fire      8%         3d6       67%         5
f - Apportation           Tloc           32%        N/A       3%          1
Your spell library was empty.

Dungeon Overview and Level Annotations

Branches:
Dungeon (2/15)

Altars:


Innate Abilities, Weirdness & Mutations

You are immune to sickness and miasma.
You are immune to poison.
Your flesh is very heat resistant. (rF++)
You are vulnerable to cold. (rC-)
You float through the air rather than walking.
You learn spells naturally, not from books.
Your magical power is your life essence.
You have superior vitality. (+4 HP)


Message History

It was a potion of cancellation.
Your magical effects are unravelling.
You feel magically purged.
You feel less confused.
The orc wizard gestures at you while chanting.
The magic dart hits you.
The orc wizard hits you with a +0 dagger.
Casting: Sticky Flame (potentially lethal; 36% risk of failure)
Confirm with . or Enter, or press ? or * to list all spells.
The spell is potentially lethal to cast (36% risk of failure)!
Continue anyway?
Aiming: Sticky Flame (potentially lethal; 36% risk of failure)
Press: ? - help, Shift-Dir - straight line, f - orc wizard
Aim: an orc wizard, wielding a +0 dagger and wearing a +0 robe (heavily wounded, very poisoned, 100% to hit)
You miscast Sticky Flame.
You are very lightly contaminated with residual magic.
Fire whirls out from your hands. You resist.
* * * LOW HITPOINT WARNING * * *
x2 The orc wizard hits you with a +0 dagger of speed.
* * * LOW HITPOINT WARNING * * *
The orc wizard points at itself and mumbles some strange words.
The orc wizard flickers and vanishes!
Deactivating autopickup; reactivate with Ctrl-A.
The orc wizard barely misses you.
You hit the orc wizard.
You kill the orc wizard!
Something hits you.
* * * LOW HITPOINT WARNING * * *
Your Stealth skill increases to level 2!
Unknown command.
Things that are here:
a +0 dagger; a +0 robe; an orc corpse
Okay, then.
Okay, then.
You aren't carrying any items that you can evoke.
Unknown command.
You aren't carrying any pieces of jewellery.
Unknown command.
A magic dart appears from out of thin air!
The magic dart hits you.
You die... oo.

#.###. o. #...#.
#.##### #.###.#.
#.....# #.......
#####.# #######.##
#o# .######.........
#)# ............#.##
#.##########.#.#.#.#
#o{.@..........#<#.#
############.#.#.#.#
#.#.#.#.# #.#.#.#.#
#.#.#.#.# #.#.#.#.#
#.#.....# #.###.####
#############.#
#...†.


You could see an orc.

Vanquished Creatures
  2 orc wizards (D:2)
  2 bats (D:1)
  3 endoplasms
  A giant cockroach (D:1)
  A goblin (D:1)
  3 hobgoblins
  2 jackals (D:1)
  4 kobolds
  2 quokkas (D:1)
  6 ball pythons
  A frilled lizard (D:1)
  3 rats
30 creatures vanquished.

Vanquished Creatures (others)
  140 foxfires
140 creatures vanquished.

Grand Total: 170 creatures vanquished

Notes
Turn   | Place    | Note
-------+----------+-------------------------------------------
     0 | D:1      | robertstho the Djinni Fire Elementalist began the quest for
                  | the Orb.
     0 | D:1      | Reached XP level 1. HP: 15/15 MP: 0/0
   338 | D:1      | Reached XP level 2. HP: 18/21 MP: 0/0
   889 | D:1      | Reached skill level 3 in Spellcasting
   933 | D:1      | Reached XP level 3. HP: 18/25 MP: 0/0
   933 | D:1      | Learned a level 1 spell: Apportation
  1836 | D:2      | Reached XP level 4. HP: 27/31 MP: 0/0
  1849 | D:2      | Killed from afar by an orc wizard

Illustrated notes

Levels and vault maps discovered:
D:1:      minmay_arrival_shattered_statue, layout_rooms
D:2:      layout_basic, chequers_ecumenical_altar_lobes, basic_altar

Skill      XL: |  1  2  3  4 |
---------------+-------------+-----
Spellcasting   | 3 |  3.6
Stealth        | 2 |  2.0
Long Blades    | |  0.1
Dodging        | |  2.5

Action                   |  1- 3 |  4- 6 || total
-------------------------+-------+-------++-------
Melee: Dagger            |     1 |     3 ||     4
 Cast: Foxfire           |    87 |     3 ||    90
  Use: Scroll            |     1 |     1 ||     2
       Potion            |       |     1 ||     1
Armor: Robe              |     2 |       ||     2
Dodge: Dodged            |    11 |     3 ||    14
       Rpst.: Long sword |     1 |       ||     1

Table legend: (Time is in decaauts)
 A = Elapsed time spent in this place.
 B = Non-inter-level travel time spent in this place.
 C = Inter-level travel time spent in this place.
 D = Time resting spent in this place.
 E = Time spent auto-exploring this place.
 F = Levels seen in this place.
 G = Mean time per level.
                   A        B        C        D        E       F      G
               +--------+--------+--------+--------+--------+-----+--------+
         Total |   1847 |   1839 |      8 |      0 |   1631 |   2 |  923.5 |
       Dungeon |   1847 |   1839 |      8 |      0 |   1631 |   2 |  923.5 |
               +--------+--------+--------+--------+--------+-----+--------+

Top non-repeatable levels by time:
     D:1: 1527 daAuts
     D:2: 319 daAuts
